 Dungeon Crawl Stone Soup version 0.21.1-1-g345015f (webtiles) character file.

22 letownia2 the Magician (level 2, -1/19 HPs)
             Began as a Merfolk Wizard on Mar 11, 2018.
             Slain by an orc
             ... wielding a +0 falchion
              (2 damage)
             ... on level 3 of the Dungeon.
             The game lasted 00:02:33 (496 turns).

letownia2 the Magician (Merfolk Wizard)              Turns: 496, Time: 00:02:34

Health: -1/19      AC:  5    Str:  7    XL:     2   Next: 91%
Magic:  6/6        EV: 13    Int: 17    God:
Gold:   7          SH:  0    Dex: 12    Spells: 4/7 levels left

rFire    . . .     SeeInvis .   j - -3 bardiche (curse)
rCold    . . .     Gourm    .   (shield currently unavailable)
rNeg     . . .     Faith    .   a - +0 robe
rPois    .         Spirit   .   h - +0 helmet
rElec    .         Reflect  .   (no cloak)
rCorr    .         Harm     .   (no gloves)
MR       .....                  (no boots)
Stlth    ++........             (no amulet)
HPRegen  0.06/turn              l - +2 ring of protection
MPRegen  0.10/turn              (no ring)

@: no status effects
A: change form in water, swift swim, stealthy swim
a: no special abilities


You were on level 3 of the Dungeon.
You were not hungry.

You visited 1 branch of the dungeon, and saw 4 of its levels.

You collected 7 gold pieces.

Inventory:

Hand Weapons
 j - a cursed -3 bardiche (weapon)
Armour
 a - a +0 robe (worn)
 b - a +0 hat
 h - a +0 helmet (worn)
 m - a +0 ring mail
Jewellery
 l - a +2 ring of protection (left hand)
Scrolls
 f - 2 scrolls of identify {unknown}
Potions
 e - a potion of flight {unknown}
 g - a potion of degeneration {unknown}
 i - a potion of heal wounds {unknown}
 k - a potion of ambrosia {unknown}
 n - a potion of magic {unknown}
Books
 c - a book of Minor Magic

   Spells                             Type                      Level
   a - Magic Dart                     Conjuration                  1
   b - Blink                          Translocation                2
   c - Call Imp                       Summoning                    2
   d - Slow                           Hexes                        2
   e - Conjure Flame                  Conjuration/Fire             3
   f - Mephitic Cloud                 Conjuration/Poison/Air       3
Comestibles
 d - a ration


   Skills:
 - Level 2.6 Dodging
 - Level 2.1 Stealth
 - Level 3.0 Spellcasting
 - Level 2.0 Conjurations
 + Level 1.4 Summonings
   Level 0.7 Translocations


You had 4 spell levels left.
You knew the following spells:

 Your Spells              Type           Power        Failure   Level  Hunger
a - Magic Dart            Conj           #...         8%          1    None
i - Call Imp              Summ           #.......     14%         2    ##.....


Dungeon Overview and Level Annotations

Branches:
Dungeon (4/15)
 Temple: D:4-7

Altars:
Yredelemnul

Annotations:
D:2 1 runed door
D:4 Blork the orc


Message History

You barely miss the orc. The orc hits you with a falchion. x2
You are too injured to fight recklessly!
You are too injured to fight recklessly!
You closely miss the orc. The orc hits you but does no damage.
The orc barely misses you.
You closely miss the orc. The orc closely misses you. The orc misses you.
You barely miss the orc. The orc hits you with a falchion.
* * * LOW HITPOINT WARNING * * *
You barely miss the orc. The orc hits you with a falchion.
* * * LOW HITPOINT WARNING * * *
The orc hits you with a falchion.
* * * LOW HITPOINT WARNING * * *
You closely miss the orc. The orc closely misses you. x2
You completely miss the orc. The orc closely misses you. x2
You barely miss the orc. The orc closely misses you. The orc misses you.
You barely miss the orc. The orc misses you. x2
You barely miss the orc. The orc hits you with a falchion.
* * * LOW HITPOINT WARNING * * *
You closely miss the orc. The orc hits you with a falchion.
You die...

.## o.#..#
#....###oo.# ##
#oo<# . ##### #
#. .# #.#####.#
.......
######..o####.#
.......@......[
.#####...#.....
##.##.###.
#.##.# #.##.#
#.##.##
#.#..<##
#......#
###....#


You could see an orc.

Vanquished Creatures
  An ooze (D:4)
  A dart slug (D:1)
  2 giant cockroaches
  A hobgoblin (D:2)
  3 jackals (D:1)
  A quokka (D:2)
  A ball python (D:1)
  A bat (D:1)
  2 frilled lizards
  A kobold (D:1)
  2 rats
16 creatures vanquished.

Notes
Turn   | Place    | Note
-------+----------+-------------------------------------------
     0 | D:1      | letownia2 the Merfolk Wizard began the quest for the Orb.
     0 | D:1      | Reached XP level 1. HP: 13/13 MP: 4/4
    20 | D:1      | Reached skill level 1 in Conjurations
   146 | D:1      | Reached XP level 2. HP: 12/19 MP: 1/6
   181 | D:1      | Learned a level 2 spell: Call Imp
   336 | D:2      | Noticed a human
   337 | D:2      | Found a runed door.
   352 | D:2      | Found a basalt altar of Yredelemnul.
   479 | D:4      | Noticed Blork the orc
   496 | D:3      | Slain by an orc

Skill      XL: |  1  2 |
---------------+-------+-----
Conjurations   | 1 2 |  2.0
Dodging        | |  2.6
Stealth        | |  2.1
Spellcasting   | |  3.0
Summonings     | |  1.4
Translocations | |  0.7

Action                   || total
-------------------------++-------
Melee: Unarmed           ||    57
       Bardiche          ||    42
 Cast: Magic Dart        ||    33
  Use: Scroll            ||     1
Armor: Robe              ||    42
Dodge: Dodged            ||   112
